 Dungeon Sprint DCSS version 0.18.1-6-gd335043 (webtiles) character file.

2370 Hipnos the Unseen (level 9, -1/40 HPs)
             Began as a Spriggan Enchanter on May 19, 2016.
             Was an Elder of Sif Muna.
             Shot with an arrow by a centaur warrior (24 damage)
             ... in the Dungeon (Sprint I: "Red Sonja").
             The game lasted 00:03:07 (726 turns).

Hipnos the Unseen (Spriggan Enchanter)               Turns: 726, Time: 00:03:08

Health: -1/40      AC:  3    Str:  4    XL:     9   Next: 21%
Magic:  19/21      EV: 23    Int: 20    God:    Sif Muna [****..]
Gold:   635        SH:  0    Dex: 16    Spells: 2 memorised, 20 levels left

rFire  . . .     SeeInvis +     a - +1 dagger
rCold  . . .     Gourm    .     b - +1 robe
rNeg   . . .     Faith    .     (shield restricted)
rPois  .         Spirit   .     (helmet restricted)
rElec  .         Dismiss  .     (no cloak)
rCorr  .         Reflect  .     (gloves unavailable)
SustAt .         Harm     .     (boots unavailable)
MR     +....     NoTele   +     (no amulet)
Stlth  +++++++++.               (no ring)
                                (no ring)

@: very slightly contaminated, very quick, somewhat resistant to hostile
enchantments, incredibly stealthy
A: unfitting armour, see invisible, herbivore 3, speed 3, slow metabolism 2
a: Channel Energy, Forget Spell, Renounce Religion


You were in the Dungeon.
You worshipped Sif Muna.
Sif Muna was greatly pleased with you.
You were not hungry.

You visited 1 branch You collected 635 gold pieces.

Inventory:

Hand Weapons
 a - a +1 dagger (weapon)
Armour
 b - a +1 robe (worn)
Scrolls
 k - a scroll of fog {unknown}
 l - a scroll of identify {unknown}
Potions
 e - a potion of curing
 f - a potion of heal wounds
 g - a potion of haste
 h - 2 potions of magic
 i - a potion of lignification {unknown}
Books
 c - a book of Maledictions

   Spells                             Type                      Level
   a - Corona                         Hexes                        1
   b - Ensorcelled Hibernation        Hexes/Ice                    2
   c - Confuse                        Hexes                        3
   d - Tukima's Dance                 Hexes                        3
   e - Dazzling Spray                 Conjuration/Hexes            3
Comestibles
 d - a bread ration


   Skills:
 + Level 0.4 Fighting
 + Level 3.2 Short Blades
 + Level 8.4 Dodging
 * Level 20.4 Stealth
 + Level 7.6 Spellcasting
 * Level 14.8 Hexes
 - Level 1.1 Ice Magic


You had 20 spell levels left.
You knew the following spells:

 Your Spells              Type           Power        Failure   Level  Hunger
a - Corona                Hex            ######.      1%          1    None
b - Ensorcelled Hibernat  Hex/Ice        #####.       1%          2    None


Dungeon Overview and Level Annotations

Branches:
Dungeon (1/1)

Altars:
Cheibriados
Dithmenos
Elyvilon
Fedhas
Gozag
Kikubaaqudgha
Makhleb
Nemelex Xobeh
Okawaru
Pakellas
Qazlal
Ru
Sif Muna
Trog
Vehumet
Xom
Yredelemnul
Zin
The Shining One
Jiyva

Shops:
D ([


Innate Abilities, Weirdness & Mutations

You are tiny and cannot use many weapons and most armour.
You have supernaturally acute eyesight.
You are a herbivore.
You cover ground extremely quickly.
You need consume almost no food.


Message History

You don't know that spell.
Casting: Ensorcelled Hibernation
Confirm with . or Enter, or press ? or * to list all spells.
You don't know that spell.
Casting: Ensorcelled Hibernation
Confirm with . or Enter, or press ? or * to list all spells.
Okay, then.
Casting: Ensorcelled Hibernation
Confirm with . or Enter, or press ? or * to list all spells.
Okay, then.
Casting: Ensorcelled Hibernation
Confirm with . or Enter, or press ? or * to list all spells.
Aiming: Ensorcelled Hibernation
Press: ? - help, Shift-Dir - straight line, f - centaur warrior
Aim: a centaur warrior, wielding a shortbow (chance to defeat MR: 50%)
You miscast Ensorcelled Hibernation.
Sif Muna protects you from the effects of your miscast!
The centaur warrior shoots an arrow.
The arrow hits you!!
Ouch! That really hurt!
You die...

##########################
#<.#..'..#.)'..#__#..'.).#
#..').#.)'..#..'^.'..#...#
#..#####'#####'#__####)..+
#..####..#...#)####[§#####
#..#__####..##.#≈§§§§#
#..#_.___##'#..+≈§§c§+
#⌠⌠#_.∩..÷'..._#§c§c§#
####_..._##_@#'##c####
#_____###'#(#())(###
#########c####'###.##
+...'c....'.∩#
#.).########## ##.## #+#


You could see a centaur warrior.

Vanquished Creatures
  Sonja (D)
  A deep troll (D)
  2 kobold demonologists (D)
  A slime creature (D)
  Sigmund (D)
  A yak (D)
  A giant eyeball (D)
  An ogre (D)
  A jelly (D)
  Ijyb (D)
11 creatures vanquished.

Notes
Turn   | Place    | Note
--------------------------------------------------------------
     0 | D        | Hipnos the Spriggan Enchanter began the quest for the Orb.
     0 | D        | Reached XP level 1. HP: 9/9 MP: 5/5
     2 | D        | Noticed Ijyb
     9 | D        | Killed Ijyb
     9 | D        | Reached skill level 7 in Stealth
     9 | D        | Reached skill level 5 in Hexes
     9 | D        | Reached XP level 2. HP: 13/13 MP: 7/7
   158 | D        | Learned a level 2 spell: Ensorcelled Hibernation
   158 | D        | Noticed an ogre
   161 | D        | Killed an ogre
   161 | D        | Reached skill level 10 in Stealth
   161 | D        | Reached XP level 3. HP: 16/16 MP: 7/9
   161 | D        | Reached XP level 4. HP: 21/21 MP: 8/11
   190 | D        | Noticed Sigmund
   193 | D        | Killed Sigmund
   193 | D        | Reached skill level 12 in Stealth
   193 | D        | Reached skill level 5 in Spellcasting
   193 | D        | Reached skill level 10 in Hexes
   193 | D        | Reached XP level 5. HP: 24/24 MP: 11/13
   206 | D        | Found a deep blue altar of Sif Muna.
   208 | D        | Found a radiant altar of Vehumet.
   212 | D        | Became a worshipper of Sif Muna the Loreminder
   214 | D        | Reached skill level 13 in Stealth
   214 | D        | Reached XP level 6. HP: 18/28 MP: 11/14
   327 | D        | Found Teklug's Antique Weapon Emporium.
   327 | D        | Found a white marble altar of Elyvilon.
   327 | D        | Found a stormy altar of Qazlal.
   327 | D        | Found a burning altar of Makhleb.
   327 | D        | Found a sacrificial altar of Ru.
   327 | D        | Found an oddly glowing altar of Pakellas.
   327 | D        | Found a basalt altar of Yredelemnul.
   327 | D        | Found a glowing golden altar of the Shining One.
   327 | D        | Found a sparkling altar of Nemelex Xobeh.
   327 | D        | Found a shimmering altar of Xom.
   327 | D        | Found an opulent altar of Gozag.
   327 | D        | Found an ancient bone altar of Kikubaaqudgha.
   327 | D        | Found a glowing silver altar of Zin.
   327 | D        | Noticed a yak
   328 | D        | Found an iron altar of Okawaru.
   329 | D        | Killed a yak
   329 | D        | Reached * piety under Sif Muna
   329 | D        | Reached skill level 5 in Dodging
   329 | D        | Reached skill level 14 in Stealth
   353 | D        | Found a snail-covered altar of Cheibriados.
   353 | D        | Found a viscous altar of Jiyva.
   353 | D        | Found a shadowy altar of Dithmenos.
   353 | D        | Found a blossoming altar of Fedhas.
   353 | D        | Noticed a slime creature
   356 | D        | Killed a slime creature
   356 | D        | Reached skill level 15 in Stealth
   356 | D        | Reached XP level 7. HP: 24/32 MP: 15/17
   372 | D        | Found a bloodstained altar of Trog.
   550 | D        | Noticed Sonja
   554 | D        | Killed Sonja
   554 | D        | Reached ** piety under Sif Muna
   554 | D        | Reached skill level 17 in Stealth
   554 | D        | Reached XP level 8. HP: 36/36 MP: 17/19
   589 | D        | Noticed a kobold demonologist
   590 | D        | Noticed a kobold demonologist
   592 | D        | Reached skill level 18 in Stealth
   595 | D        | Noticed a smoke demon
   595 | D        | Killed a kobold demonologist
   595 | D        | Reached *** piety under Sif Muna
   598 | D        | Killed a kobold demonologist
   598 | D        | Reached skill level 19 in Stealth
   662 | D        | Noticed a deep troll
   670 | D        | Killed a deep troll
   670 | D        | Reached **** piety under Sif Muna
   670 | D        | Reached skill level 20 in Stealth
   670 | D        | Reached skill level 1 in Ice Magic
   670 | D        | Reached XP level 9. HP: 40/40 MP: 15/21
   682 | D        | Found Sepurute's Armour Emporium.
   713 | D        | Noticed a centaur warrior
   714 | D        | Noticed a centaur warrior
   726 | D        | Shot with an arrow by a centaur warrior

Skill      XL: |  1  2  3  4  5  6  7  8 |
---------------+-------------------------+-----
Stealth        | 7 10 12 13 15 17 20 | 20.4
Spellcasting   | 3 4 5 6 7 |  7.6
Hexes          | 5 8 10 12 13 14 | 14.8
Short Blades   | 2 3 |  3.2
Dodging        | 4 6 8 |  8.4
Ice Magic      | 1 |  1.1
Fighting       | |  0.4

Action                   |  1- 3 |  4- 6 |  7- 9 || total
-------------------------+-------+-------+-------++-------
Melee: Dagger            |     7 |     4 |     5 ||    16
 Cast: Ensorcelled Hiber |       |     1 |     6 ||     7
  Use: Potion            |     1 |       |       ||     1
       Scroll            |       |       |     1 ||     1
 Stab: Sleeping          |     1 |     4 |     5 ||    10
Armor: Robe              |     1 |       |     2 ||     3
Dodge: Dodged            |     4 |     1 |     7 ||    12
